 Dungeon Crawl Stone Soup version 0.28.0-45-g0d030f2227 (webtiles) character file.

Game seed: 12132421924371421578

349 GigaChad the Covered (level 6, -1/53 HPs)
             Began as a Minotaur Fighter on Apr 20, 2022.
             Was a Believer of Lugonu.
             Slain by a black bear (11 damage)
             ... on level 4 of the Dungeon on Apr 21, 2022.
             The game lasted 00:09:29 (3319 turns).

GigaChad the Covered (Minotaur Fighter)             Turns: 3319, Time: 00:09:29

Health: -1/53      AC:  7    Str: 21    XL:     6   Next: 33%
Magic:  5/5        EV: 10    Int:  5    God:    Lugonu [**....]
Gold:   116        SH:  5    Dex: 11    Spells: 5/5 levels left

rFire   . . .      SeeInvis .   a - +0 long sword
rCold   . . .      Faith    +   c - +0 buckler
rNeg    . . .      Spirit   .   b - +0 scale mail
rPois   .          Reflect  .   (helmet restricted)
rElec   .          Harm     .   (no cloak)
rCorr   .          Rampage  .   (no gloves)
Will    +....                   (no boots)
Stlth   ..........              q - amulet of faith
HPRegen 0.17/turn               i - ring of willpower
MPRegen 0.09/turn               (no ring)

@: no status effects
A: horns 2, retaliatory headbutt
a: Renounce Religion, Depart the Abyss, Bend Space


You were on level 4 of the Dungeon.
You worshipped Lugonu.
Lugonu was pleased with you.
You visited 1 branch of the dungeon, and saw 4 of its levels.

You collected 116 gold pieces.

Inventory:

Hand Weapons
 a - a +0 long sword (weapon)
 l - a +0 falchion
 m - a +2 halberd of venom
 p - a +1 dagger of venom
Armour
 b - a +0 scale mail (worn)
 c - a +0 buckler (worn)
Magical Staves
 n - a staff of earth
Jewellery
 i - a ring of willpower (left hand)
 q - an amulet of faith (around neck)
Scrolls
 e - 2 scrolls of teleportation {unknown}
 g - 3 scrolls of fear
 j - a scroll of silence {unknown}
 k - a scroll of fog {unknown}
 r - a scroll of identify {unknown}
Potions
 d - a potion of might
 f - a potion of mutation {unknown}
 h - a potion of degeneration {unknown}
 o - a potion of curing {unknown}


   Skills:
 + Level 4.6 Fighting
 + Level 4.7 Long Blades
 + Level 5.4 Armour
 + Level 1.9 Dodging
 + Level 1.0 Stealth
 + Level 4.6 Shields


You had 5 spell levels left.
You didn't know any spells.
Your spell library was empty.

Dungeon Overview and Level Annotations

Branches:
Dungeon (4/15)
 Temple: D:4-7

Altars:
Lugonu

Shops:
D:4 !


Innate Abilities, Weirdness & Mutations

You have a pair of horns on your head.
You reflexively headbutt those who attack you in melee.


Message History

The black bear closely misses you.
You slash the black bear! You headbutt the black bear.
The black bear is severely wounded.
The black bear goes berserk!
You closely miss the black bear.
The black bear is severely wounded.
The black bear bites you but does no damage.
You block the black bear's attack. The black bear claws you.
The black bear barely misses you. The black bear misses you.
The black bear barely misses you.
You hit the black bear but do no damage.
The black bear is severely wounded.
The black bear bites you. The black bear barely misses you.
The black bear claws you but does no damage.
The black bear bites you! The black bear claws you.
You block the black bear's attack.
You closely miss the black bear.
The black bear is severely wounded.
The black bear bites you. The black bear misses you. x2
The black bear bites you. The black bear claws you.
The black bear claws you but does no damage.
You barely miss the black bear.
You headbutt the black bear, but do no damage.
The black bear is severely wounded.
The black bear barely misses you. You block the black bear's attack.
The black bear misses you. You block the black bear's attack.
The black bear claws you. The black bear barely misses you.
You closely miss the black bear.
The black bear is severely wounded.
The black bear bites you!
* * * LOW HITPOINT WARNING * * *
You block the black bear's attack.
The black bear claws you but does no damage.
The black bear bites you.
* * * LOW HITPOINT WARNING * * *
The black bear closely misses you. x2
You closely miss the black bear.
The black bear is severely wounded.
The black bear bites you!
You die...

....####∩# ............
....# #.# #............
....####<###...?........
....'......#............
....####8#.#............
##### #.#..............
#................
###......h.......
#.#....@.......
#.#.########### #.#.#
#.#.. #.### #.. ####


You could see a black bear (berserk).

Vanquished Creatures
  A black bear (D:4)
  A scorpion (D:4)
  A jelly (D:4)
  An orc wizard (D:3)
  2 hound skeletons
  Robin (D:2)
  An adder (D:3)
  A worm (D:3)
  2 dart slugs
  5 orcs (D:3)
  6 endoplasms
  3 giant cockroaches (D:1)
  14 goblins
  10 hobgoblins
  6 jackals
  5 kobolds
  5 quokkas
  5 ball pythons
  4 bats
  A frilled lizard (D:1)
  4 rats
79 creatures vanquished.

Notes
Turn   | Place    | Note
-------+----------+-------------------------------------------
     0 | D:1      | GigaChad the Minotaur Fighter began the quest for the Orb.
     0 | D:1      | Reached XP level 1. HP: 19/19 MP: 0/0
    77 | D:1      | Reached skill level 4 in Armour
    77 | D:1      | Reached XP level 2. HP: 7/27 MP: 1/1
   712 | D:1      | Reached XP level 3. HP: 15/33 MP: 2/2
  1160 | D:2      | Noticed Robin
  1184 | D:2      | Killed Robin
  1185 | D:2      | Reached skill level 1 in Dodging
  1185 | D:2      | Reached XP level 4. HP: 4/40 MP: 3/3
  1563 | D:2      | Found a faded altar of an unknown god.
  1571 | D:2      | Prayed at the altar of an unknown god.
  1571 | D:2      | Became a worshipper of Lugonu the Unformed
  1571 | D:2      | Reached * piety under Lugonu
  1571 | D:2      | Reached ** piety under Lugonu
  2379 | D:3      | Reached XP level 5. HP: 46/46 MP: 4/4
  2965 | D:4      | Noticed a black bear
  2971 | D:4      | Killed a black bear
  2972 | D:4      | Reached skill level 5 in Armour
  3039 | D:4      | Reached XP level 6. HP: 17/53 MP: 5/5
  3284 | D:4      | Found Waenegu's Distillery.
  3298 | D:4      | Reached skill level 1 in Stealth
  3319 | D:4      | Slain by a black bear

Illustrated notes

Levels and vault maps discovered:
D:1:      matt_arrival_refuge, layout_loops_cross, minmay_surrounded
D:2:      layout_basic, ebering_ecumenical_altar_sacrificial, uniq_sigmund,
          uniq_robin
D:3:      layout_basic
D:4:      layout_basic, serial_shops, shop_statue, minivault_11, st_stairs_8,
          minmay_distorted, uniq_edmund

Skill      XL: |  1  2  3  4  5  6 |
---------------+-------------------+-----
Armour         | 4 5 |  5.4
Long Blades    | 3 4 |  4.7
Shields        | 4 |  4.6
Fighting       | 4 |  4.6
Dodging        | 1 |  1.9
Stealth        | 1 |  1.0

Action                   |  1- 3 |  4- 6 || total
-------------------------+-------+-------++-------
Melee: Long sword        |    78 |    66 ||   144
       Headbutt          |    10 |    14 ||    24
  Use: Scroll            |       |     1 ||     1
Armor: Scale mail        |    81 |    40 ||   121
Dodge: Dodged            |    70 |    48 ||   118
Block: Buckler           |    43 |    23 ||    66
